Map: [ESL] Crimson Court

Players

Harstem

  • Race: Protoss Protoss
  • Spawn Location: 1:00

Clem - Winner!

  • Race: Terran Terran
  • Spawn Location: 7:00

Event: ESL SC2 Masters 2024 Spring (Regional)

VOD

Have the link to the VOD?

Description

Time

  • Played on: April 28, 2024, 12:05 p.m.
  • Length: 15:23

All games in this series

Show
View Real Time Build Order
Export as new Build Order

Harstem Protoss 

Build Orders: 1 Gate Expand, Phoenix Opening 

Get SALT Encoding   

  12  0:00  Probe  
  13  0:12  Probe  
  14  0:17  Pylon  
  14  0:24  Probe (Chrono Boost)  
  15  0:36  Probe (Chrono Boost), Gateway  
  16  0:45  Probe (Chrono Boost)  
  16  0:46  Assimilator  
  17  0:51  Probe  
  18  1:03  Probe  
  19  1:15  Probe  
  20  1:22  Cybernetics Core  
  20  1:31  Nexus  
  20  1:34  Probe  
  21  1:41  Pylon  
  21  1:46  Probe  
  22  1:52  Assimilator  
  22  1:56  Adept (Chrono Boost)  
  22  1:58  Probe  
  25  2:10  Probe  
  26  2:16  Adept (Chrono Boost)  
  29  2:22  Probe  
  29  2:32  Stargate  
  29  2:34  Probe  
  30  2:38  Warp Gate  
  30  2:43  Probe  
  31  2:47  Probe  
  31  2:49  Adept  
  34  2:56  Probe  
  35  2:59  Shield Battery, Probe  
  36  3:07  Pylon  
  36  3:08  Probe  
  36  3:11  Probe  
  36  3:12  Assimilator  
  38  3:16  Phoenix (Chrono Boost)  
  40  3:20  Probe  
  40  3:23  Probe  
  42  3:32  Probe  
  43  3:38  Probe (Chrono Boost)  
  44  3:43  Phoenix (Chrono Boost)  
  45  3:50  Probe (Chrono Boost)  
  45  3:51  Probe (Chrono Boost)  
  45  3:53  Robotics Facility  
  46  3:57  Pylon  
  46  3:59  Phoenix (Chrono Boost), Probe (Chrono Boost)  
  49  4:04  Assimilator, Probe x2  
  51  4:16  Pylon, Probe  
  52  4:18  Probe  
  52  4:21  Phoenix (Chrono Boost)  
  55  4:27  Stalker  
  55  4:28  Probe  
  55  4:30  Probe  
  59  4:34  Pylon  
  59  4:39  Phoenix  
  59  4:40  Probe  
  62  4:52  Probe  
  63  4:54  Immortal (Chrono Boost)  
  63  4:55  Stalker  
  69  5:01  Probe  
  69  5:02  Pylon  
  70  5:10  Pylon  
  68  5:20  Probe  
  63  5:23  Phoenix  
  63  5:27  Stalker  
  63  5:28  Probe  
  66  5:37  Probe  
  66  5:40  Probe  
  68  5:43  Robotics Bay  
  68  5:48  Observer, Phoenix  
  68  5:49  Probe  
  71  5:56  Zealot, Nexus  
  75  5:57  Pylon x2  
  75  5:59  Probe, Gateway  
  75  6:02  Probe  
  76  6:10  Forge  
  76  6:11  Probe  
  76  6:15  Phoenix  
  76  6:17  Pylon, Probe  
  80  6:23  Probe  
  81  6:27  Colossus (Chrono Boost)  
  81  6:29  Probe  
  81  6:30  Sentry  
  90  6:38  Pylon  
  90  6:41  Twilight Council, Extended Thermal Lance  
  90  6:42  Protoss Ground Weapons Level 1 (Chrono Boost)  
  90  6:45  Probe  
  91  6:55  Phoenix  
  91  6:56  Probe  
  91  6:58  Probe  
  95  7:12  Charge (Chrono Boost), Probe  
  95  7:14  Colossus (Chrono Boost)  
  96  7:16  Zealot x2  
  104  7:31  Gateway  
  104  7:33  Gateway  
  104  7:37  Probe, Shield Battery, Nexus  
  104  7:39  Probe  
  106  7:47  Pylon, Gateway  
  106  7:50  Gateway  
  106  7:51  Probe  
  106  7:52  Probe  
  106  7:55  Gateway  
  106  7:57  Gateway  
  108  8:01  Probe  
  108  8:03  Colossus (Chrono Boost)  
  109  8:08  Probe  
  109  8:09  Zealot x2  
  120  8:13  Pylon  
  120  8:14  Probe  
  120  8:18  Probe  
  122  8:20  Gateway  
  122  8:22  Gateway  
  122  8:23  Pylon  
  122  8:25  Probe  
  122  8:26  Photon Cannon  
  121  8:33  Zealot, Shield Battery  
  121  8:34  Zealot x2  
  127  8:38  Shield Battery  
  127  8:39  Zealot  
  129  8:42  Warp Prism (Chrono Boost)  
  129  8:44  Protoss Ground Weapons Level 2 (Chrono Boost)  
  132  8:49  Blink (Chrono Boost)  
  132  8:53  Probe  
  132  9:00  Forge  
  132  9:02  Stalker x2  
  136  9:04  Probe  
  136  9:07  Probe  
  136  9:09  Gravitic Drive  
  138  9:10  Zealot  
  138  9:11  Zealot  
  138  9:13  Disruptor (Chrono Boost)  
  138  9:14  Pylon  
  146  9:17  Zealot  
  146  9:22  Pylon  
  146  9:24  Robotics Facility, Probe  
  148  9:26  Assimilator  
  148  9:30  Stalker x2  
  153  9:33  Pylon  
  153  9:34  Stalker  
  155  9:39  Pylon, Protoss Ground Armor Level 1  
  155  9:41  Zealot x2  
  158  9:54  Disruptor (Chrono Boost)  
  158  9:56  Zealot x4, Stalker x2  
  170  10:14  Disruptor (Chrono Boost), Nexus  
  170  10:16  Pylon  
  172  10:26  Stalker  
  172  10:27  Stalker x5  
  174  10:37  Zealot x4  
  174  10:40  Pylon, Probe  
  183  10:47  Disruptor x2, Shield Battery, Nexus  
  183  10:49  Pylon  
  189  10:55  Stalker  
  189  10:56  Zealot x3  
  195  10:59  Pylon  
  194  11:09  Stalker x4  
  176  11:14  Zealot x2  
  178  11:19  Probe  
  178  11:23  Warp Prism (Chrono Boost)  
  174  11:26  Zealot  
  174  11:27  Zealot x3  
  173  11:33  Zealot  
  173  11:34  Zealot x3  
  168  11:48  Stalker x2  
  168  11:53  Probe  
  173  11:57  Colossus (Chrono Boost)  
  173  11:58  Zealot x5  
  173  12:01  Protoss Ground Armor Level 2  
  189  12:02  Protoss Ground Weapons Level 3  
  189  12:06  Zealot x2  
  173  12:17  Zealot x3  
  173  12:18  Probe  
  173  12:20  Photon Cannon  
  142  12:33  Zealot x7  
  150  12:41  Stalker x3  
  152  12:55  Colossus (Chrono Boost)  
  152  12:56  Disruptor (Chrono Boost)  
  152  13:00  Stalker x3  
  152  13:01  Stalker  
  158  13:11  Zealot x2  
  158  13:12  Zealot  
  148  13:19  Zealot x3  
  148  13:20  Colossus (Chrono Boost)  
  144  13:29  Zealot x4  
  144  13:31  Colossus (Chrono Boost)  
  158  13:37  Stalker x3  
  158  13:41  Probe (Chrono Boost)  
  149  13:42  Zealot x3  
  149  13:45  Probe (Chrono Boost)  
  158  13:49  Zealot  
  158  13:50  Probe (Chrono Boost)  
  158  13:51  Zealot  
  161  13:57  Zealot x2  
  163  14:06  Stalker x4  
  159  14:11  Stalker x2  
  159  14:13  Zealot x2  
  167  14:23  Stalker x2  
  175  14:29  Stalker x4  
  173  14:39  Zealot x4  
  173  14:44  Zealot x3  
Show
View Real Time Build Order
Export as new Build Order

Clem Terran - Winner!

Build Orders: Cyclone Timing 

Get SALT Encoding   

  12  0:00  SCV  
  13  0:12  SCV  
  14  0:16  Supply Depot  
  14  0:24  SCV  
  15  0:38  SCV  
  15  0:39  Barracks  
  15  0:42  Refinery  
  16  0:50  SCV  
  16  0:51  Refinery  
  17  1:02  SCV  
  18  1:14  SCV  
  19  1:26  Orbital Command, Reaper  
  20  1:39  Supply Depot  
  20  1:40  Factory  
  20  1:52  SCV  
  21  1:58  Barracks Reactor  
  21  2:04  SCV  
  22  2:15  Command Center  
  22  2:18  SCV  
  23  2:24  Hellion  
  25  2:30  SCV  
  25  2:34  Reaper x2  
  28  2:38  Supply Depot  
  28  2:45  SCV, Hellion  
  31  2:57  Starport  
  31  3:00  SCV  
  32  3:06  Cyclone, Marine  
  32  3:09  Marine  
  32  3:12  SCV  
  37  3:29  SCV  
  37  3:31  Marine x2  
  37  3:34  Medivac  
  41  3:41  SCV  
  41  3:44  Cyclone  
  45  3:49  Orbital Command  
  45  3:50  Marine x2  
  45  3:53  SCV  
  45  3:55  Supply Depot  
  47  4:04  Viking  
  47  4:05  SCV  
  47  4:09  Marine  
  51  4:10  Marine  
  51  4:16  Cyclone  
  51  4:17  SCV  
  55  4:18  SCV  
  55  4:24  Supply Depot  
  56  4:29  SCV  
  56  4:30  SCV  
  58  4:32  Marine x2  
  58  4:36  Supply Depot  
  60  4:41  SCV  
  60  4:42  SCV  
  60  4:45  Liberator  
  65  4:50  Marine x2  
  67  4:53  SCV, Cyclone  
  67  4:56  Supply Depot  
  67  4:57  SCV  
  71  5:05  SCV  
  72  5:09  Marine  
  72  5:11  Command Center, Marine  
  72  5:12  SCV  
  71  5:17  SCV  
  65  5:24  SCV  
  65  5:27  Barracks, Marine  
  65  5:28  Cyclone  
  64  5:29  SCV, Barracks  
  64  5:30  Marine  
  66  5:36  SCV, Viking  
  66  5:41  SCV, Refinery  
  69  5:48  SCV  
  69  5:49  Engineering Bay, Refinery  
  69  5:53  SCV, Engineering Bay  
  70  5:57  Marine  
  70  5:59  Marine  
  70  6:00  SCV  
  70  6:05  SCV  
  70  6:06  Factory Tech Lab  
  70  6:10  Starport Tech Lab  
  71  6:12  SCV  
  71  6:17  Missile Turret  
  71  6:18  SCV  
  73  6:20  Missile Turret  
  73  6:21  Terran Infantry Weapons Level 1, Missile Turret  
  73  6:22  Terran Infantry Armor Level 1  
  73  6:23  Marine  
  73  6:24  SCV  
  75  6:26  Marine  
  75  6:30  SCV  
  75  6:31  Marauder  
  75  6:32  Stimpack  
  79  6:33  Combat Shield  
  79  6:36  SCV  
  79  6:38  Marauder  
  79  6:39  Starport Reactor, Factory Reactor  
  82  6:42  SCV, Orbital Command  
  82  6:45  Supply Depot  
  82  6:47  Marine x2  
  83  6:53  SCV, Missile Turret  
  86  6:54  Marauder  
  86  6:56  SCV  
  86  7:00  Marauder  
  91  7:03  Barracks  
  91  7:05  Barracks  
  91  7:07  SCV  
  91  7:08  SCV  
  88  7:11  SCV  
  88  7:13  Marine x2  
  89  7:15  Marine  
  89  7:18  Medivac  
  89  7:19  SCV, Medivac  
  89  7:20  SCV  
  96  7:23  Supply Depot  
  96  7:25  Widow Mine  
  96  7:26  Widow Mine  
  96  7:27  SCV  
  103  7:30  Marauder  
  103  7:31  SCV  
  103  7:34  Armory, Supply Depot  
  104  7:37  Marine x2  
  104  7:40  SCV, Refinery  
  104  7:43  SCV  
  108  7:45  Refinery  
  108  7:48  Viking  
  108  7:49  Supply Depot  
  108  7:50  Viking  
  112  7:52  Widow Mine x2  
  112  7:54  Barracks Tech Lab  
  112  7:55  Barracks Reactor  
  112  7:56  SCV  
  112  7:57  SCV  
  112  7:58  SCV  
  118  8:01  Ghost Academy  
  118  8:03  Marine x2  
  119  8:08  Marauder  
  119  8:10  Supply Depot  
  119  8:12  Supply Depot, Marauder  
  123  8:13  SCV  
  123  8:16  Widow Mine x2  
  123  8:18  Marauder  
  130  8:25  Command Center  
  130  8:28  Viking  
  130  8:31  Viking  
  133  8:35  Ghost  
  133  8:37  Terran Infantry Weapons Level 2  
  133  8:39  Terran Infantry Armor Level 2  
  135  8:43  Ghost  
  135  8:45  Ghost  
  139  8:49  Missile Turret  
  139  8:51  Supply Depot  
  139  8:52  Marine x3  
  139  8:54  Marine  
  143  8:58  Supply Depot  
  143  9:02  Missile Turret  
  143  9:03  Sensor Tower, Viking  
  143  9:06  Viking  
  149  9:10  Widow Mine  
  149  9:13  Widow Mine  
  149  9:14  Supply Depot  
  149  9:15  Supply Depot  
  149  9:16  Ghost  
  153  9:18  Marine x2  
  153  9:19  Marine  
  153  9:21  Marine  
  153  9:22  SCV  
  153  9:23  SCV  
  153  9:24  SCV  
  160  9:27  Ghost  
  162  9:32  Terran Ship Weapons Level 1  
  162  9:34  Supply Depot, Ghost  
  162  9:38  Viking  
  166  9:40  Viking  
  168  9:50  Barracks  
  168  9:53  Starport, Barracks  
  168  9:55  Barracks  
  168  9:59  Planetary Fortress  
  168  10:01  Unknown  
  168  10:02  Marine x4  
  168  10:04  SCV  
  168  10:05  SCV  
  168  10:06  SCV  
  175  10:08  Viking  
  175  10:13  Marine  
  182  10:14  Marauder x2  
  182  10:15  Sensor Tower  
  182  10:16  SCV  
  182  10:18  SCV x2  
  183  10:25  Command Center  
  183  10:31  Ghost  
  183  10:32  Marine  
  183  10:34  Ghost  
  190  10:35  Marauder  
  190  10:37  Marine  
  190  10:38  Marine  
  190  10:39  Marine  
  193  10:43  Barracks Tech Lab x2  
  193  10:49  Barracks Tech Lab  
  193  10:53  Terran Infantry Weapons Level 3  
  193  10:56  Marine x2  
  193  10:57  Marauder, Marine  
  197  10:59  Ghost  
  197  11:04  Marauder x2  
  197  11:05  Marine  
  197  11:06  Marauder  
  197  11:08  Ghost  
  197  11:10  Medivac  
  196  11:14  Marine  
  199  11:18  Marauder  
  199  11:20  Terran Infantry Armor Level 3  
  199  11:23  Marine  
  199  11:25  Marauder  
  200  11:27  Marine  
  200  11:30  Marine  
  200  11:31  Marauder  
  200  11:32  Marine  
  200  11:39  Command Center x2  
  200  11:44  Medivac  
  200  11:46  Marauder, Marine  
  194  11:50  Starport  
  194  11:51  Fusion Core  
  194  11:53  Marine, Marauder  
  197  11:55  Medivac  
  197  11:59  Command Center  
  199  12:03  Terran Ship Weapons Level 2  
  199  12:05  Ghost  
  199  12:11  Ghost  
  199  12:13  Medivac, Ghost  
  199  12:14  Marine  
  200  12:17  Personal Cloaking  
  200  12:26  Marine  
  200  12:28  Marauder  
  183  12:30  Medivac  
  183  12:31  Marine  
  183  12:32  Marine, Marauder x2  
  183  12:34  Planetary Fortress  
  183  12:35  Marauder  
  188  12:38  Marine  
  188  12:40  Concussive Shells  
  188  12:41  Marauder  
  188  12:43  Marauder  
  193  12:44  Marine  
  193  12:47  Medivac  
  193  12:50  Marauder  
  183  12:52  Starport Reactor  
  183  12:54  Marauder x2  
  183  12:55  Marine  
  183  12:57  Marine, Marauder  
  191  13:02  Marauder  
  191  13:04  Marauder  
  191  13:05  Marine  
  195  13:10  Marine  
  195  13:11  Marauder  
  190  13:13  Advanced Ballistics  
  190  13:16  Marauder x2  
  190  13:17  Ghost  
  190  13:19  Marine  
  187  13:21  Liberator  
  187  13:22  Marine  
  187  13:24  Marine, Marauder  
  187  13:26  Marauder  
  191  13:28  Orbital Command, Marine  
  191  13:32  Marine  
  193  13:36  Ghost  
  193  13:38  Liberator  
  193  13:39  Marauder  
  193  13:40  Marine  
  192  13:44  Refinery x2  
  192  13:48  Missile Turret  
  192  13:51  Orbital Command  
  192  13:57  Marauder  
  192  14:02  Viking  
  189  14:06  Liberator x2, Viking  
  189  14:07  Marauder  
  189  14:08  Marine  
  197  14:10  Marauder  
  199  14:19  Command Center  
  199  14:25  Caduceus Reactor, Missile Turret  
  200  14:47  Marine  
Tags
 
Add a new tag
Caveats
  • Supply blocks, unpowered buildings, or Contaminate may cause inaccurate times.
  • Supply counts are checked every 10 seconds.